 Dungeon Crawl Stone Soup version 0.31.0-11-ge490571c62 (webtiles) character file.

Game seed: 4029430323896946324

184 hawla the Chopper (level 5, -7/42 HPs)
             Began as a Minotaur Gladiator on Feb 1, 2024.
             Mangled by a gnoll
             ... wielding a +0 flail
             ... led by a gnoll bouda
              (9 damage)
             ... on level 4 of the Dungeon.
             The game lasted 00:03:27 (2624 turns).

hawla the Chopper (Minotaur Gladiator)              Turns: 2624, Time: 00:03:27

Health: -7/42      AC:  4    Str: 21    XL:     5   Next: 36%
Magic:  4/4        EV: 12    Int:  5    God:
Gold:   140        SH:  0    Dex: 11    Spells: 4/4 levels left

rFire   . . .        a - +0 war axe
rCold   . . .        (no shield)
rNeg    . . .        b - +0 leather armour
rPois   .            c - +0 hat
rElec   .            p - +0 cloak
rCorr   .            (no gloves)
SInv    .            (no boots)
Will    .....        (no amulet)
Stlth   +            (no ring)
HPRegen 0.27/turn    (no ring)
MPRegen 0.09/turn

%: no passive effects
@: mighty, weakened
A: horns 2, retaliatory headbutt
a: no special abilities


You were on level 4 of the Dungeon.
You visited 1 branch of the dungeon, and saw 4 of its levels.

You collected 140 gold pieces.

Inventory:

Hand Weapons
 a - a +0 war axe (weapon)
Missiles
 d - 3 throwing nets (quivered)
 e - a javelin
 i - 5 datura-tipped darts
 n - 2 poisoned darts
Armour
 b - a +0 leather armour (worn)
 c - a +0 hat (worn)
 p - a +0 cloak (worn)
Jewellery
 g - a +6 ring of intelligence
 j - a +4 ring of slaying
Scrolls
 h - 2 scrolls of revelation
 k - 2 scrolls of fog
 l - a scroll of teleportation
 m - a scroll of identify
Potions
 f - 2 potions of magic


   Skills:
 - Level 2.4 Fighting
 + Level 7.4 Axes
 - Level 2.0 Throwing
 - Level 3.2 Dodging


You had 4 spell levels left.
You didn't know any spells.
Your spell library contained the following spells:

 Spells                   Type           Power      Damage    Failure   Level
 Jinxbite                 Hex            0%         N/A       67%         2
 Yara's Violent Unravell  Hex/Alch       0%         3d3       100%        5
 Enfeeble                 Hex            0%         N/A       100%        7


Dungeon Overview and Level Annotations

Branches:
Dungeon (4/15)             Temple (0/1) D:4

Altars:
Okawaru


Innate Abilities, Weirdness & Mutations

You have a pair of horns on your head.
You reflexively headbutt those who attack you in melee.


Message History

The adder is severely wounded.
You barely miss the gnoll. The adder bites you. The gnoll barely misses you.
The adder barely misses you. You furiously retaliate!
You headbutt the adder!
You kill the adder!
You slash the gnoll! Your headbutt misses the gnoll.
The gnoll is almost dead.
The gnoll bouda gazes fiercely through you!
You feel your attacks grow feeble. The gnoll hits you with a +0 club.
The gnoll hits you with a +0 flail!
You hit the gnoll.
You kill the gnoll!
You hit the gnoll bouda but do no damage.
You hit the gnoll but do no damage. The gnoll bouda closely misses you.
The gnoll misses you. The gnoll barely misses you.
You closely miss the gnoll bouda. You hit the gnoll. You barely miss the gnoll.
The gnoll bouda gazes fiercely through you!
You feel as though you will be weak longer.
The gnoll bouda barely misses you. The gnoll hits you with a +0 flail.
The gnoll misses you.
You slash the gnoll!
The gnoll is almost dead.
You hit the gnoll. You barely miss the gnoll bouda.
The gnoll bouda hits you with a +0 whip of holy wrath!
The gnoll closely misses you. The gnoll hits you with a +0 flail.
Unknown command.
You barely miss the gnoll.
The gnoll is almost dead.
You slash the gnoll!
You kill the gnoll!
You closely miss the gnoll bouda.
The gnoll bouda gazes fiercely through you!
You feel as though you will be weak longer.
The gnoll bouda closely misses you. The gnoll hits you with a +0 flail!
* * * LOW HITPOINT WARNING * * *
It was a potion of might.
You feel very mighty all of a sudden.
The gnoll bouda hits you with a +0 whip of holy wrath.
* * * LOW HITPOINT WARNING * * *
The gnoll hits you with a +0 flail!
You die...

..# #..# .#
##..# .# ####
#..# . ##
#..###..# ..
#.......# ...
#####.......##
....
.#.....###...##
..... ....####
##...####......
#..##
##....@g......
#..#
#....g)......
#..######
##...........
#..##...#
#..########.
##.##.#.## #)##
...#.....# #.#
#....#.#.## #.#
...###.#..# #.#
.###...##.###.#


You could see a gnoll bouda and a gnoll (swift).

Vanquished Creatures
  A bombardier beetle (D:3)
  An iguana (D:3)
  2 gnolls (D:4)
  4 adders
  2 dart slugs
  A ribbon worm (D:2)
  An orc (D:3)
  5 ball pythons
  4 endoplasms
  4 giant cockroaches
  4 goblins
  7 hobgoblins
  8 jackals
  A quokka (D:2)
  3 bats
  2 frilled lizards
  7 kobolds
  6 rats
63 creatures vanquished.

Notes
Turn   | Place    | Note
-------+----------+-------------------------------------------
     0 | D:1      | hawla the Minotaur Gladiator began the quest for the Orb.
     0 | D:1      | Reached XP level 1. HP: 18/18 MP: 0/0
    89 | D:1      | Reached skill level 4 in Axes
   167 | D:1      | Reached XP level 2. HP: 23/25 MP: 1/1
   553 | D:1      | Reached skill level 5 in Axes
   925 | D:2      | Found an iron altar of Okawaru.
   944 | D:2      | Reached XP level 3. HP: 26/30 MP: 2/2
  1733 | D:3      | Reached skill level 6 in Axes
  1733 | D:3      | Reached XP level 4. HP: 30/37 MP: 3/3
  2028 | D:3      | Reached skill level 7 in Axes
  2028 | D:3      | Reached XP level 5. HP: 38/42 MP: 4/4
  2539 | D:4      | Found a staircase to the Ecumenical Temple.
  2624 | D:4      | HP: 2/42 [gnoll bouda/+0 whip of holy wrath (3)]
  2624 | D:4      | Mangled by a gnoll

Illustrated notes

Levels and vault maps discovered:
D:1:      giann_bridges, layout_basic
D:2:      layout_loops_corners, basic_altar
D:3:      layout_loops_ring
D:4:      layout_cave_pods, mainiacjoe_overflow_brackets,
          minmay_temple_entry_slanted, minmay_misc_feat_doors,
          nrook_mini_backslash, minmay_three_crescents

Skill      XL: |  1  2  3  4 |
---------------+-------------+-----
Axes           | 4 5 6 7 |  7.4
Fighting       | |  2.4
Throwing       | |  2.0
Dodging        | |  3.2

Action                     |  1- 3 |  4- 6 || total
---------------------------+-------+-------++-------
  Melee: War axe           |    73 |    43 ||   116
         Headbutt          |     8 |     2 ||    10
         Punch             |     1 |       ||     1
    Use: Scroll            |     5 |     2 ||     7
         Potion            |       |     1 ||     1
 Armour: Leather armour    |    41 |    29 ||    70
  Dodge: Dodged            |    72 |    40 ||   112
